[Event "Late-Titled-Tuesday-Blitz-March-19-2024"]
[Site "Chess.com"]
[Date "2024.03.19"]
[Round "11"]
[White "ATM622"]
[Black "Heliosis11"]
[Result "0-1"]
[WhiteElo "2504"]
[BlackElo "2307"]
[TimeControl "180+1"]
[EndTime "16:06:27 PDT"]
[Termination "Heliosis11 won by resignation"]

1. d4 Nf6 2. c4 e6 3. g3 Bb4+ 4. Nd2 d5 5. Bg2 O-O 6. Qc2 c5 7. Nf3 cxd4 8. Nxd4 Nc6 9. Nxc6 bxc6 10.
O-O Bd7 11. Rd1 Qe7 12. a3 Bd6 13. e4 d4 14. Nf3 e5 15. Nh4 g6 16. Bg5 Qd8 17.
c5 Be7 18. Bh6 Re8 19. h3 Be6 20. Bg5 Nd7 21. Bxe7 Qxe7 22. Nf3 Nxc5 23. b4 Nd7 24. Qxc6 Rac8 25. Qb7 Bb3 26. Rdc1 Rxc1+ 27. Rxc1 Nb6 28. Rc7 Qd6 29. Nd2 Be6 30. Rc6 Qd7 31. Qxd7 Bxd7 32.
Rc7 Rc8 33. Rxc8+ Bxc8 34. f4 f6 35. fxe5 fxe5 36. Nf3 Nd7 37. Bf1 Bb7 38. Bc4+ Kg7 39. Nd2 Nf6 40. Bd3 Kf8 41. Kf2 Ke7 42. Kf3 Ke6 43.
Bc4+ Kd6 44. Bd3 Nd7 45. Nc4+ Ke6 46. Na5 Ba8 47. Bc4+ Kd6 48. Bd3 Nf6 49. Nc4+ Ke6 50.
g4 Ne8 51. g5 Nd6 52. Na5 Nf7 53. h4 Nd6 54. Nb3 Nf5 55. Nc5+ Kd6 56. Kg4 Ne3+ 57.
Kf3 a5 58. Na6 axb4 59. axb4 Nd1 60. b5 Nc3 61. b6 Kc6 62. Nb4+ Kxb6 63. Nc2 Bc6 64.
Ne1 Kc5 65. Ng2 Bb5 66. Bxb5 Kxb5 67. Ne1 Kc4 68. Nc2 d3 69. Ne3+ Kd4 70. Kf2 Nxe4+ 71. Kf3 Nd2+ 72. Kf2 Nc4 73. Nd1 e4 74. Ke1 e3 75.
Nxe3 Kxe3 76. h5 d2+ 77. Kd1 Nb2+ 78. Kc2 d1=Q+ 79. Kxb2 Kd3 80. hxg6 Qc2+ 81. Ka3 hxg6 82. Kb4 Qc4+ 83. Ka3 Qb5 84. Ka2 Kc2 0-1

[Event "Late-Titled-Tuesday-Blitz-March-19-2024"]
[Site "Chess.com"]
[Date "2024.03.19"]
[Round "11"]
[White "ameetghasi100"]
[Black "aistrel"]
[Result "1-0"]
[WhiteElo "2799"]
[BlackElo "2660"]
[TimeControl "180+1"]
[EndTime "16:06:32 PDT"]
[Termination "ameetghasi100 won on time"]

1. Nf3 d5 2. g3 Nc6 3. Bg2 e5 4. d3 Bf5 5. Nc3 d4 6. Ne4 Bxe4 7. dxe4 Bb4+ 8. Nd2 h5 9. h4 Nf6 10. a3 Bxd2+ 11.
Bxd2 Ng4 12. c3 Qd6 13. cxd4 Nxd4 14. e3 Nc6 15. Bc3 O-O-O 16. Qxd6 Rxd6 17. Ke2 b6 18. f3 Nf6 19. Rhc1 Kb7 20. b4 a6 21. a4 b5 22.
axb5 axb5 23. Kf2 Ra8 24. Rxa8 Kxa8 25. Bf1 Nd7 26. Bxb5 Kb7 27. Bc4 f6 28. b5 Na7 29.
Bb4 Rb6 30. Ba5 Rxb5 31. Bxb5 Nxb5 32. Ke2 c5 33. Bd2 Nd6 34. Ra1 Nb6 35. Ba5 Nd7 36. Bd8 Nb5 37. Kd3 Nd6 38. Be7 Nc8 39. Bd8 Nd6 40. Ba5 Kc6 41. Bd2 Kb7 42. Kc2 Nc4 43.
Kc3 Nd6 44. Rg1 Nb5+ 45. Kc4 Kc6 46. g4 Nd6+ 47. Kc3 hxg4 48. Rxg4 Ne8 49. Rg1 Nb6 50. Kd3 Nd7 51. h5 Nb6 52. Ke2 Nc4 53. Be1 Na3 54.
Bh4 c4 55. Ra1 Nb5 56. Be1 Kc5 57. Ra8 Ned6 58. Rg8 c3 59. Rxg7 Nc4 60. Bxc3 Nxc3+ 61. Kf2 Nd1+ 62. Kg3 Ndxe3 63. h6 f5 64. h7 f4+ 65. Kf2 Nb2 66. h8=Q Nd3+ 67. Ke2 Nb4 68. Rc7+ Kd4 69. Qd8+ Nbd5 70. exd5 Nxd5 71. Kf2 e4 72. Rd7 e3+ 73.
Ke1 Kd3 74. Rxd5+ Kc2 75. Rc5+ 1-0

[Event "Late-Titled-Tuesday-Blitz-March-19-2024"]
[Site "Chess.com"]
[Date "2024.03.19"]
[Round "11"]
[White "martinmena"]
[Black "Bkmzzzzz"]
[Result "0-1"]
[WhiteElo "2250"]
[BlackElo "2381"]
[TimeControl "180+1"]
[EndTime "16:06:35 PDT"]
[Termination "Bkmzzzzz won by checkmate"]

1. c4 e5 2. g3 d6 3. Bg2 g6 4. Nc3 Bg7 5. d3 f5 6. e4 c6 7. Nge2 Nf6 8. O-O O-O 9. h3 h6 10. b3 a5 11. Bb2 Kh7 12. Qd2 Na6 13. f4 Qe7 14. Kh2 Be6 15. Rae1 Rad8 16. d4 Nxe4 17. Nxe4 fxe4 18. Bxe4 Bf5 19. Bxf5 Rxf5 20. Qe3 Re8 21. dxe5 dxe5 22. g4 Rf7 23. f5 g5 24.
Ng3 Nc7 25. Ne4 Bh8 26. Rd1 Rd8 27. Qc5 Qxc5 28. Nxc5 Rxd1 29. Rxd1 Bg7 30. Rd7 Rxd7 31. Nxd7 e4 32. f6 Bh8 33. f7 Ne6 34. Bxh8 Kxh8 35. f8=Q+ Nxf8 36. Nxf8 Kg7 37. Ne6+ Kf6 38. Nc5 Ke5 39.
Nxb7 Kd4 40. Kg2 Kd3 41. Nc5+ Kd4 42. Ne6+ Kd3 43. Kf1 Kd2 44. Nd4 c5 45. Nf5 e3 46.
Ng3 Kd1 47. Ne2 Kd2 48. Ng3 Kd1 49. Kg2 e2 50. Nxe2 Kxe2 51. Kg3 Ke3 52. Kg2 Ke2 53.
Kg3 Ke3 54. a3 Kd3 55. h4 Kc3 56. hxg5 hxg5 57. b4 axb4 58. axb4 Kxb4 59. Kf3 Kxc4 60.
Ke4 Kb3 61. Kf5 c4 62. Kxg5 c3 63. Kh6 c2 64. g5 c1=Q 65. Kh5 Qh1+ 66. Kg6 Qg2 67.
Kf6 Qf3+ 68. Kg6 Kc4 69. Kh6 Qh3+ 70. Kg7 Qd7+ 71. Kf6 Kd5 72. g6 Qe6+ 73. Kg5 Ke5 74. Kh6 Kf5 75. Kh7 Qxg6+ 76. Kh8 Qg5 77. Kh7 Kf6 78.
Kh8 Qg7# 0-1

[Event "Late-Titled-Tuesday-Blitz-March-19-2024"]
[Site "Chess.com"]
[Date "2024.03.19"]
[Round "11"]
[White "rychessmaster1"]
[Black "DenLaz"]
[Result "0-1"]
[WhiteElo "2747"]
[BlackElo "3083"]
[TimeControl "180+1"]
[EndTime "16:06:39 PDT"]
[Termination "DenLaz won by checkmate"]

1. d4 Nf6 2. c4 e6 3. g3 d5 4. Bg2 Bb4+ 5. Nd2 Be7 6. Ngf3 O-O 7. O-O a5 8. Qc2 Nc6 9. Rd1 Nb4 10. Qb1 c6 11. e4 dxe4 12. Nxe4 a4 13. Bf4 Nxe4 14.
Qxe4 a3 15. b3 b6 16. Bd2 Bb7 17. Ng5 Bxg5 18. Bxb4 Re8 19. h4 Bf6 20. Rac1 Qc7 21. c5 b5 22. Bd2 Rad8 23. Bf4 Qc8 24. Bd6 Rd7 25. b4 Be7 26. Bxe7 Rexe7 27. Qe3 Qa8 28. Qb3 Re8 29. Rc3 Qd8 30. Rcd3 Qf6 31. Qxa3 Red8 32.
Qb2 h6 33. a4 bxa4 34. b5 Rc8 35. bxc6 Bxc6 36. Bxc6 Rxc6 37. Qb5 Rcc7 38. Qxa4 Rd5 39. Ra3 g5 40. Qe8+ Kh7 41. Ra8 Qg7 42. h5 g4 43.
c6 Rxh5 44. Rb1 Kg6 45. Rd8 Qf6 46. Qg8+ Qg7 47. Qxg7+ Kxg7 48. Rb6 Ra5 49. Rd6 Kf6 50. Rb7 Ra7 51. Rd7 Rcxb7 52. cxb7 Ra1+ 53. Kg2 Rb1 54. f4 Rb2+ 55. Kf1 Kg6 56. Ke1 h5 57. Kf1 f6 58.
Kg1 Kf5 59. Re7 Ke4 60. Rxe6+ Kf3 61. Rc6 Kxg3 62. Rc3+ Kxf4 63. d5 Rxb7 64. d6 Rd7 65.
Rd3 Ke5 66. Kg2 Rxd6 67. Re3+ Kf5 68. Ra3 Kg5 69. Ra5+ f5 70. Ra8 h4 71. Kf2 Kf4 72.
Ra4+ Kg5 73. Ke3 Re6+ 74. Kf2 Re4 75. Ra8 Kf4 76. Kg2 Re2+ 77. Kh1 Kf3 78. Ra3+ Re3 79. Ra1 f4 80. Rg1 g3 81. Rf1+ Kg4 82. Rd1 h3 83. Ra1 h2 84. Rf1 Kh3 85. Rf3 Re1+ 86. Rf1 Rxf1# 0-1

[Event "Late-Titled-Tuesday-Blitz-March-19-2024"]
[Site "Chess.com"]
[Date "2024.03.19"]
[Round "11"]
[White "ventdelest"]
[Black "norwaytoadog"]
[Result "0-1"]
[WhiteElo "2095"]
[BlackElo "2361"]
[TimeControl "180+1"]
[EndTime "16:06:40 PDT"]
[Termination "norwaytoadog won on time"]

1. e4 c5 2. Nf3 Nc6 3. Bc4 e6 4.
Nc3 Nf6 5. d3 a6 6. a3 Qc7 7.
Bg5 Be7 8. O-O b5 9. Bb3 Bb7 10.
Re1 d6 11. h3 O-O 12. Ne2 Rad8 13. Ng3 d5 14. exd5 Nxd5 15. Bxd5 Rxd5 16. Bxe7 Qxe7 17.
Qe2 Rfd8 18. Rad1 Qf6 19. b3 Nd4 20. Nxd4 cxd4 21. Ne4 Qg6 22. Qg4 Rc8 23. Qxg6 hxg6 24. Re2 Re5 25. f4 Rd5 26. b4 Rc6 27. Nc5 Bc8 28.
Rde1 g5 29. fxg5 Rxg5 30. Re5 Rxe5 31. Rxe5 f6 32. Re4 e5 33. Re2 Kf7 34. Kf2 Bf5 35. g4 Bc8 36. Kg3 Rc7 37. h4 a5 38. Re1 axb4 39. axb4 Ra7 40. Re2 Ra1 41. g5 Kg6 42. gxf6 gxf6 43. Rf2 Rg1+ 44. Kh2 Rg4 45. Ne4 Rxh4+ 46.
Kg1 Rg4+ 47. Kf1 f5 48. Nd6 Bd7 49. Ke1 Rh4 50. Kd2 Rh1 51. Rg2+ Kf6 52. Rf2 Rb1 53.
Nb7 Rxb4 54. Nc5 Be6 55. Ne4+ Ke7 56. Nc5 Kd6 57. Na6 Rb2 58. Rh2 Ra2 59. Nb8 b4 60. Kc1 Ra1+ 61. Kb2 Ra8 62. Rh8 b3 63. Rd8+ Kc7 64. Nc6 Rxd8 65. Nxd8 Kxd8 0-1

[Event "Late-Titled-Tuesday-Blitz-March-19-2024"]
[Site "Chess.com"]
[Date "2024.03.19"]
[Round "11"]
[White "carloseduar100"]
[Black "emeli_chess"]
[Result "1/2-1/2"]
[WhiteElo "2263"]
[BlackElo "2386"]
[TimeControl "180+1"]
[EndTime "16:06:51 PDT"]
[Termination "Game drawn by repetition"]

1. d4 Nf6 2. Bg5 e6 3. e4 h6 4. Bxf6 Qxf6 5. c3 d5 6. e5 Qd8 7.
Nd2 c5 8. Bd3 Nc6 9. Ne2 Qb6 10.
O-O Bd7 11. Kh1 g5 12. f4 gxf4 13. Rxf4 Be7 14. c4 Bg5 15. dxc5 Qxb2 16. cxd5 Qxe5 17. dxc6 Bxc6 18. Nc4 Qxc5 19. Rg4 O-O-O 20. Qc2 h5 21. Re4 h4 22. Ne5 Qxc2 23. Bxc2 Bxe4 24. Bxe4 Rd2 25.
Ng1 h3 26. Nxh3 Kb8 27. Nxg5 Rc8 28. Ngxf7 Rxa2 29. Rf1 Re2 30. Bf3 Rd2 31. h3 a5 32.
Rb1 Rc7 33. Ng5 a4 34. Nxe6 Rcc2 35. Rxb7+ Kc8 36. Nf4 a3 37. Ra7 a2 38. Kh2 Rc1 39.
Rxa2 Rxa2 40. h4 Rc3 41. Kg3 Ra5 42. Nfg6 Kd8 43. h5 Rc1 44. h6 Rh1 45. Kg4 Rxh6 46.
Nf7+ Ke8 47. Nxh6 Kd7 48. Nf4 Ke7 49. Nf5+ Kf6 50. Ne3 Ra4 51. g3 Ra3 52. Ned5+ Ke5 53. Ne7 Kf6 54. Nc6 Ra2 55. Nd3 Kg6 56. Kf4 Kf6 57. Be4 Ra4 58. g4 Kg7 59. Nce5 Ra3 60. g5 Ra1 61. g6 Rf1+ 62. Kg5 Rg1+ 63. Ng4 Ra1 64. Bf5 Ra5 65. Nf4 Ra6 66. Ne6+ Kg8 67.
Kf6 Ra7 68. Ne5 Kh8 69. Nf7+ Kg8 70. Nh6+ Kh8 71. Ng4 Kg8 72. Ne3 Ra6 73. Nd5 Kh8 74. Ne7 Rxe6+ 75. Kxe6 Kg7 76. Nd5 Kg8 77. Kf6 Kh8 78. Nf4 Kg8 79. Ne2 Kh8 80. Nc3 Kg8 81. Nd5 Kh8 82. Bg4 Kg8 83. Bf5 1/2-1/2

[Event "Late-Titled-Tuesday-Blitz-March-19-2024"]
[Site "Chess.com"]
[Date "2024.03.19"]
[Round "11"]
[White "gorgeous1083"]
[Black "Bala-Afiada"]
[Result "1-0"]
[WhiteElo "2057"]
[BlackElo "1876"]
[TimeControl "180+1"]
[EndTime "16:07:00 PDT"]
[Termination "gorgeous1083 won by resignation"]

1. d4 d5 2. c4 c6 3. Nc3 Nf6 4. e3 e6 5. Nf3 Bd6 6. Bd3 O-O 7. O-O Nbd7 8. Re1 dxc4 9. Bxc4 e5 10. dxe5 Nxe5 11. Be2 Bg4 12. b3 Qc7 13. h3 Nxf3+ 14. Bxf3 Bxf3 15. Qxf3 Rfe8 16. Bb2 Be5 17. Rac1 Qa5 18.
Red1 Rad8 19. a4 Rxd1+ 20. Qxd1 Rd8 21. Qe1 Rd3 22. Ba1 Bxc3 23. Bxc3 Qd5 24. Bxf6 gxf6 25. Qb4 Rd1+ 26. Rxd1 Qxd1+ 27. Kh2 b6 28. Qc3 Qd6+ 29. g3 c5 30. Qc4 Qe5 31. Qg4+ Kf8 32. Qc8+ Kg7 33.
Qg4+ Kf8 34. Qf3 Qb2 35. e4 Qd4 36. Kg2 Kg7 37. Qg4+ Kf8 38. Qf3 Kg7 39. Qg4+ Kf8 40. Qf5 c4 41. Qc8+ Kg7 42. Qxc4 Qe5 43. Qd3 Qc5 44. Qf3 Qe5 45. Qg4+ Kf8 46. h4 Qc3 47. Qf3 Qe5 48. Qd3 Kg7 49. Qd5 Qc3 50. Qc4 Qd2 51. b4 Qd6 52. a5 bxa5 53. bxa5 Qe5 54. Qd5 Qc3 55. h5 h6 56. Qf5 Qd4 57. Qg4+ Kf8 58.
Qf5 Kg7 59. Qf4 Kf8 60. Qxh6+ Ke7 61. Qf4 Kf8 62. Qf5 Qd2 63. Qd5 Qh6 64. Qf5 Kg8 65. Qc8+ Kg7 66. Qg4+ Kf8 67. Qf4 Qxh5 68. Qf5 Qh6 69.
Qc8+ Kg7 70. Qg4+ Kf8 71. f4 a6 72. Qf5 Qg7 73. Qc5+ Kg8 74. Qc8+ Kh7 75. Qxa6 Qg6 76. Qb5 Qxe4+ 77. Kf2 Qc2+ 78. Kf3 Qc3+ 79. Kg4 Qd2 80. Kh3 Qe1 81. Qh5+ Kg7 82. Qg4+ Kf8 83. Qc8+ Kg7 84. a6 Qh1+ 85. Kg4 Qh6 86. Kf3 Qh5+ 87. Qg4+ Qxg4+ 88. Kxg4 1-0

[Event "Late-Titled-Tuesday-Blitz-March-19-2024"]
[Site "Chess.com"]
[Date "2024.03.19"]
[Round "11"]
[White "Revan_2002"]
[Black "I-Mesquita"]
[Result "1/2-1/2"]
[WhiteElo "2574"]
[BlackElo "2712"]
[TimeControl "180+1"]
[EndTime "16:07:02 PDT"]
[Termination "Game drawn by repetition"]

1. d4 d5 2. c4 e6 3. Nc3 Nf6 4. cxd5 exd5 5. Bg5 c6 6. e3 h6 7. Bh4 Be7 8. Bd3 O-O 9. Nge2 Be6 10. Qc2 b5 11.
O-O Nbd7 12. f3 b4 13. Na4 c5 14. dxc5 Rc8 15. Nd4 Nxc5 16. Nxc5 Bxc5 17. Qd2 Re8 18. Rac1 Bd7 19. Rfe1 Qb6 20. Bf2 a5 21. g4 Re5 22. h4 Rce8 23. Kg2 a4 24. Bg3 R5e7 25. g5 Nh5 26. Bf2 Bxd4 27. exd4 Qd6 28. Rxe7 Rxe7 29. Kh1 Qe6 30. Bf1 Qf5 31. Qd3 Qf4 32. Re1 Rxe1 33. Bxe1 Ng3+ 34. Bxg3 Qxg3 35. Qe3 Qxh4+ 36. Kg2 Qxg5+ 37.
Qxg5 hxg5 38. a3 bxa3 39. bxa3 Kf8 40. Kf2 Ke7 41. Ke3 Kf6 42. Bd3 g4 43. f4 g5 44.
Bc2 g3 45. f5 g4 46. Ke2 Kg5 47. Kf1 Kf4 48. Kg2 Ke3 49. Kxg3 Kxd4 50. Kxg4 Kc3 51.
Bd1 Kb2 52. Kf4 Kxa3 53. Ke5 Kb2 54. Bf3 a3 55. Bxd5 Ba4 56. Bxf7 Bb3 57. Bxb3 Kxb3 58.
f6 a2 59. f7 a1=Q+ 60. Ke6 Qa6+ 61. Ke7 Qb7+ 62. Ke8 Qc8+ 63. Ke7 Qc7+ 64. Ke8 Qc6+ 65. Ke7 Qc5+ 66. Ke8 Qe5+ 67. Kf8 Qh8+ 68. Ke7 Qe5+ 69.
Kf8 Qf6 70. Kg8 Qg6+ 71. Kh8 Qh6+ 72. Kg8 Qg5+ 73. Kh8 Qe7 74. Kg8 Qe6 75. Kg7 Qe5+ 76. Kg8 Qg5+ 77. Kh8 Qh6+ 78. Kg8 Qg6+ 79. Kh8 Qf6+ 80.
Kg8 Qe7 81. Kg7 Kc4 82. Kg8 Qe6 83. Kg7 Qe7 84. Kg8 Qg5+ 85. Kh8 Qh6+ 86. Kg8 Qg6+ 87. Kh8 Qf6+ 88. Kg8 Qe6 89. Kg7 Qe7 1/2-1/2

[Event "Late-Titled-Tuesday-Blitz-March-19-2024"]
[Site "Chess.com"]
[Date "2024.03.19"]
[Round "11"]
[White "sansanathalia"]
[Black "xasid81"]
[Result "0-1"]
[WhiteElo "2419"]
[BlackElo "2605"]
[TimeControl "180+1"]
[EndTime "16:07:08 PDT"]
[Termination "xasid81 won on time"]

1. e4 a6 2. d4 e6 3. Nf3 d5 4.
Bd3 dxe4 5. Bxe4 Nf6 6. Bd3 c5 7. c3 Nc6 8. dxc5 Bxc5 9. O-O O-O 10. Bg5 h6 11. Bh4 b5 12. Qc2 Be7 13. Nbd2 Bb7 14. Ne4 Nxe4 15. Bxe7 Nxe7 16. Bxe4 Bxe4 17. Qxe4 Qd5 18. Qxd5 Nxd5 19. Rad1 Rfc8 20. Ne5 a5 21. g3 Rc5 22. Nf3 b4 23. cxb4 axb4 24. Ra1 Rca5 25. a3 bxa3 26. bxa3 Rxa3 27. Rxa3 Rxa3 28. Kg2 Ra2 29.
Re1 g5 30. h4 g4 31. Ne5 h5 32.
Nd3 Rd2 33. Nc5 Kg7 34. Re5 Kh6 35. Re1 Rc2 36. Nd3 Rc3 37. Nc1 Kg7 38. Ne2 Rc4 39. Rd1 Rc2 40. Re1 Kf6 41. Kf1 Rd2 42. Kg2 e5 43.
Kf1 Kf5 44. Rc1 f6 45. Nc3 Nxc3 46. Rxc3 Rd5 47. Kg2 Ke4 48. Re3+ Kf5 49. Ra3 e4 50. Ra4 Ke5 51. Ra8 Kd4 52. Ra4+ Kd3 53.
Ra3+ Kd2 54. Ra4 e3 55. Ra2+ Ke1 56. Ra1+ Ke2 57. fxe3 Kxe3 58. Re1+ Kd2 59. Re6 Rf5 60. Re4 Kd3 61. Re6 Kd4 62. Re8 Kd5 63. Rd8+ Ke4 64.
Re8+ Re5 65. Rf8 Kf5 66. Kf2 Ra5 67. Rh8 Ra2+ 68. Ke3 Kg6 69. Rg8+ Kh7 70. Rf8 Kg7 71. Rb8 Rg2 72. Kf4 Rf2+ 73. Ke4 Rf3 74. Rb5 Kg6 75. Rb8 Rxg3 76. Rg8+ Kh7 77. Rf8 Kg7 78. Ra8 Rf3 79. Ra5 Kg6 80. Ra8 Rh3 81. Kf4 Rf3+ 82. Ke4 Rf1 83. Rg8+ Kh7 84. Rb8 f5+ 85. Ke5 g3 86. Kf6 Ra1 87. Rb7+ Kh6 88. Rb8 Ra6+ 89. Kxf5 g2 90.
Rg8 Ra2 91. Rg6+ Kh7 92. Rg5 Ra5+ 0-1

[Event "Late-Titled-Tuesday-Blitz-March-19-2024"]
[Site "Chess.com"]
[Date "2024.03.19"]
[Round "11"]
[White "schondeln"]
[Black "Sandstad"]
[Result "1/2-1/2"]
[WhiteElo "2389"]
[BlackElo "2488"]
[TimeControl "180+1"]
[EndTime "16:07:10 PDT"]
[Termination "Game drawn - insufficient material"]

1. e4 e5 2. Nf3 Nc6 3. Nc3 Nf6 4. d4 exd4 5. Nxd4 Bb4 6. Nxc6 bxc6 7. Bd3 d5 8. exd5 O-O 9. O-O Bg4 10. Ne2 cxd5 11. c3 Bd6 12. Qc2 Bh5 13. Nf4 Bxf4 14. Bxf4 Bg6 15.
Rad1 c6 16. Bg5 Qd6 17. Bxf6 Qxf6 18. Bxg6 hxg6 19. Rfe1 Rab8 20. Re3 Rfe8 21. Rde1 Rxe3 22. Rxe3 c5 23. h3 Qa6 24. b3 Rd8 25. Qe2 Qc6 26. Rd3 d4 27. cxd4 cxd4 28. Qd2 Qc5 29. b4 Qc4 30. a4 Rd5 31. g3 g5 32. Kg2 g6 33.
Kh2 Kg7 34. Kg1 Rd7 35. Kh2 f6 36. Kg1 Qd5 37. Kh2 Qe4 38. Qd1 Rd8 39. b5 Rd7 40. a5 Qd5 41. b6 Qxa5 42. bxa7 Qxa7 43. Qf3 Qc5 44. Qe4 Qe5 45. Qg4 Qf5 46. Qe2 Kf7 47. Qd2 Qe4 48. Qc2 Kg7 49. Qd2 f5 50.
Qc2 f4 51. g4 f3 52. Qd1 Qe5+ 53. Kg1 Rf7 54. Rxd4 Qe2 55. Qxe2 fxe2 56. Re4 Rf3 57. Kg2 Ra3 58. Rxe2 Rb3 59. Ra2 Rc3 60. Ra5 Kf6 61.
Ra6+ Kg7 62. f3 Rb3 63. Kg3 Rc3 64. Ra7+ Kf6 65. Rd7 Rb3 66. Rd8 Rc3 67. h4 gxh4+ 68. Kxh4 Rc5 69. Kg3 Ra5 70. Rb8 Rc5 71. Rb6+ Kg7 72.
Kf4 Ra5 73. Kg3 Rc5 74. f4 Rc3+ 75. Kh4 Rc5 76. Re6 Ra5 77. Re5 Ra6 78. Kg5 Ra7 79.
Re6 Ra5+ 80. Re5 Ra7 81. f5 gxf5 82. Kxf5 Ra6 83. Kg5 Rb6 84. Rc5 Ra6 85. Rc7+ Kg8 86. Kh5 Rb6 87. g5 Ra6 88. Rb7 Rc6 89. Rb8+ Kg7 90.
Rb5 Ra6 91. Re5 Rb6 92. Rd5 Ra6 93. Rd7+ Kg8 94. g6 Ra1 95. Rd8+ Kg7 96. Rd7+ Kg8 97. Kh6 Rh1+ 98. Kg5 Rg1+ 99. Kh5 Rh1+ 100. Kg5 Rg1+ 101. Kf6 Rf1+ 102. Ke7 Re1+ 103. Kd8 Re6 104. g7 Rg6 105. Kc8 Rxg7 106.
Rxg7+ Kxg7 1/2-1/2

[Event "Late-Titled-Tuesday-Blitz-March-19-2024"]
[Site "Chess.com"]
[Date "2024.03.19"]
[Round "11"]
[White "IMchanged"]
[Black "andrzej"]
[Result "0-1"]
[WhiteElo "2642"]
[BlackElo "2525"]
[TimeControl "180+1"]
[EndTime "16:07:33 PDT"]
[Termination "andrzej won by checkmate"]

1. e4 c5 2. Nf3 d6 3. d4 cxd4 4. Nxd4 Nf6 5. Nc3 a6 6. Bg5 e6 7. f4 Nbd7 8. Qf3 Qc7 9. O-O-O Be7 10. g4 h6 11. Bxf6 Bxf6 12. h4 Nb6 13. g5 Bxd4 14.
Rxd4 Qc5 15. Qd3 Bd7 16. Rxd6 O-O-O 17. Bg2 Bc6 18. Rd1 Rxd6 19. Qxd6 Qxd6 20. Rxd6 hxg5 21.
hxg5 Rh2 22. Rd2 Nc4 23. Re2 Kc7 24. b3 Nd6 25. Kd2 b5 26. a3 a5 27. b4 Nc4+ 28. Ke1 Nxa3 29. bxa5 b4 30. Na2 Bb5 31. Rf2 Nc4 32. a6 Ne3 33. a7 Kb7 34. Bf3 Nxc2+ 35. Rxc2 Rxc2 36. Nxb4 Rb2 37. a8=Q+ Kxa8 38. e5+ Ka7 39.
Nc6+ Bxc6 40. Bxc6 Kb6 41. Be8 Rb4 42. Bxf7 Rxf4 43.
Bxe6 Re4+ 44. Kf2 Rxe5 45. Bg8 Rxg5 46. Ke3 Kc5 47. Kf4 Rg1 48. Bh7 Kd6 49. Bf5 Ke7 50.
Bc8 Kf6 51. Kf3 Rc1 52. Bd7 Rc5 53. Kg3 Ra5 54. Kg4 Ra7 55. Bc8 Rc7 56. Ba6 Rc6 57.
Bb5 Rb6 58. Bd7 Rb4+ 59. Kf3 Ke5 60. Bc8 Rc4 61. Bd7 g5 62. Kg3 Rc7 63. Bb5 Rb7 64.
Bc6 Rb4 65. Bd7 Rd4 66. Bc8 Kf6 67. Bb7 Kg6 68. Bc8 Kh5 69. Bf5 Rd5 70. Be4 Re5 71. Bf3+ Kg6 72. Kg4 Ra5 73. Bc6 Kf6 74. Bd7 Rd5 75.
Bc6 Rd4+ 76. Kg3 Ke5 77. Bb7 Rb4 78. Bc8 Rc4 79. Bb7 Rd4 80. Bc8 Rd8 81. Bb7 Rf8 82. Bc6 Kf6 83. Bd7 Rd8 84. Bc6 Kg6 85. Be4+ Kh5 86.
Bf3+ Kh6 87. Be4 Rd4 88. Bc2 Kh5 89. Bf5 Rc4 90. Be6 Rc3+ 91. Kg2 Kh4 92. Bd7 g4 93. Kf2 Rc2+ 94. Kg1 Kg3 95. Kf1 Rc7 96. Be6 Re7 97. Bd5 Kf4 98. Kg2 Re2+ 99. Kf1 Rd2 100. Ba8 Ke3 101. Kg1 Ra2 102. Bb7 Rf2 103. Bc6 Rc2 104. Bb7 Kf4 105.
Kf1 Kg3 106. Be4 Rf2+ 107. Ke1 Rf4 108. Bc6 Kh2 109. Ke2 g3 110. Ke3 Rf6 111. Bd5 g2 112. Bxg2 Kxg2 113. Ke4 Kg3 114. Ke5 Rf1 115. Ke4 Rf2 116. Ke3 Rf8 117. Ke4 Kg4 118. Ke5 Rf1 119. Ke6 Kg5 120. Ke5 Re1+ 121. Kd4 Kf4 122. Kd3 Re8 123. Kd2 Kf3 124. Kc3 Rd8 125. Kc4 Ke4 126. Kc5 Rd1 127. Kc6 Ke5 128. Kc7 Ke6 129. Kb6 Rc1 130. Kb5 Kd5 131. Kb4 Rc8 132. Kb3 Kd4 133. Ka2 Rb8 134. Ka3 Kc4 135. Ka2 Kc3 136. Ka1 Kc2 137. Ka2 Ra8# 0-1

[Event "Late-Titled-Tuesday-Blitz-March-19-2024"]
[Site "Chess.com"]
[Date "2024.03.19"]
[Round "11"]
[White "jaskol95"]
[Black "TheKnightOfBosnia"]
[Result "0-1"]
[WhiteElo "2506"]
[BlackElo "2635"]
[TimeControl "180+1"]
[EndTime "16:07:43 PDT"]
[Termination "TheKnightOfBosnia won by checkmate"]

1. d4 Nf6 2. Nc3 d5 3. Bf4 g6 4. e3 Bg7 5. h4 c6 6. Nf3 Qb6 7. Qd2 Qxb2 8. Rb1 Qa3 9. Bd3 Qa5 10. Ne5 Nbd7 11. Nxd7 Nxd7 12. h5 e5 13. dxe5 Nxe5 14. Ne2 Nxd3+ 15. cxd3 Qxd2+ 16. Kxd2 O-O 17. hxg6 hxg6 18. Bh6 b6 19. Rb4 c5 20. Rbh4 Be6 21. Nf4 Rfe8 22. g4 d4 23. Nxe6 Rxe6 24. Bxg7 dxe3+ 25. fxe3 Kxg7 26. Rh7+ Kf6 27. Rf1+ Kg5 28. Rhxf7 Rh8 29.
R1f2 Rh3 30. Re2 a5 31. d4 cxd4 32. exd4 Rd6 33. Re5+ Kxg4 34. Re4+ Kg5 35. Rf8 Rh2+ 36. Kd3 Rxa2 37. Re5+ Kh6 38. Rh8+ Kg7 39. Ree8 Ra4 40. Reg8+ Kf7 41. Rf8+ Ke6 42. Re8+ Kd5 43. Re5+ Kc6 44.
Re4 Ra3+ 45. Ke2 Rg3 46. Rc8+ Kd5 47. Rce8 a4 48. R4e5+ Kxd4 49. Re4+ Kc5 50. Rxa4 Kb5 51. Rae4 Rc3 52. R4e5+ Rc5 53. Re3 Rcc6 54. R8e5+ Ka6 55. Ra3+ Kb7 56. Re7+ Rc7 57. Re5 Rcd7 58. Rb3 Rf7 59. Ke3 Rff6 60. Re7+ Kc6 61. Rc3+ Kb5 62. Rb3+ Kc4 63.
Rb1 Rfe6+ 64. Rxe6 Rxe6+ 65. Kd2 b5 66. Rc1+ Kb4 67. Rb1+ Ka5 68. Ra1+ Kb6 69. Kc3 Rd6 70. Kb4 Rd4+ 71. Kc3 Rg4 72. Kb3 Rg3+ 73. Kb4 Rg4+ 74.
Kb3 g5 75. Rf1 Rg3+ 76. Kb4 Rg4+ 77. Kb3 Rf4 78. Rg1 g4 79. Kc3 Kc5 80. Kb3 Rf3+ 81. Kb2 g3 82. Kc2 Kc4 83. Re1 g2 84. Re4+ Kd5 85.
Rg4 Rf2+ 86. Kd3 Kc5 87. Kc3 b4+ 88. Kb3 Re2 89. Rg5+ Kd4 90. Kxb4 Ke3 91. Kc3 Kf2 92. Kd3 Re1 93. Kd2 Rh1 94. Rf5+ Kg1 95. Ke2 Rh6 96. Rg5 Re6+ 97. Kf3 Rf6+ 98. Kg3 Kf1 99. Rh5 g1=Q+ 100. Kh3 Qf2 101. Rg5 Rf3+ 102. Kg4 Rg3+ 103. Kh5 Qh2+ 104. Kg6 Rxg5+ 105. Kf7 Qg3 106. Kf6 Qf4+ 107. Ke6 Re5+ 108. Kd6 Qd4+ 109. Kc6 Rc5+ 110. Kb6 Qb4+ 111. Ka6 Ra5# 0-1